 Dungeon Crawl Stone Soup version 0.29.1-12-g30fa7ad0bf (webtiles) character file.

Game seed: 8319866828706701736

252 Labrat the Conjurer (level 5, -10/38 HPs)
             Began as a Demigod Conjurer on Dec 22, 2022.
             Killed from afar by Ijyb (13 damage)
             ... with a bolt of light
             ... on level 3 of the Dungeon.
             The game lasted 00:06:42 (2812 turns).

Labrat the Conjurer (Demigod Conjurer)              Turns: 2812, Time: 00:06:42

Health: -10/38     AC:  2    Str: 11    XL:     5   Next: 57%
Magic:  13/13      EV: 12    Int: 24    God:
Gold:   107        SH:  0    Dex: 12    Spells: 8/11 levels left

rFire   . . .      SeeInvis .   h - +11 whip "Zexij" {freeze, Str+3 Stlth+}
rCold   . . .      Faith    .   (no shield)
rNeg    . . .      Spirit   .   a - +0 robe
rPois   .          Reflect  .   (no helmet)
rElec   .          Harm     .   (no cloak)
rCorr   .          Rampage  .   (no gloves)
Will    .....                   (no boots)
Stlth   ++........              (no amulet)
HPRegen 0.12/turn               (no ring)
MPRegen 0.13/turn               (no ring)

@: confused
A: high MP 1, forlorn, divine attributes
a: no special abilities


You were on level 3 of the Dungeon.
You visited 1 branch of the dungeon, and saw 3 of its levels.
You also visited: Sewer.

You collected 189 gold pieces.
You spent 82 gold pieces at shops.

Inventory:

Hand Weapons
 h - the +11 whip "Zexij" (weapon) {freeze, Str+3 Stlth+}
   (You found it on level 2 of the Dungeon)

   It freezes those it strikes, dealing additional cold damage.
   It can also slow down cold-blooded creatures.
   Str:       It affects your strength (+3).
   Stlth:     It makes you more stealthy.
Missiles
 p - 2 poisoned darts
Armour
 a - a +0 robe (worn)
Scrolls
 d - 5 scrolls of identify {unknown}
 e - 2 scrolls of fear {unknown}
 f - a scroll of vulnerability {unknown}
 k - 2 scrolls of blinking
 l - a scroll of noise {unknown}
 m - a scroll of acquirement {unknown}
 n - a scroll of fog {unknown}
Potions
 b - a potion of magic
 c - 2 potions of attraction {unknown}
 g - a potion of heal wounds {unknown}
 i - a potion of flight {unknown}
 j - a potion of berserk rage {unknown}
 o - a potion of curing {unknown}


   Skills:
 - Level 1.7 Dodging
 - Level 1.7 Stealth
 + Level 3.9 Spellcasting
 + Level 5.3 Conjurations


You had 8 spell levels left.
You knew the following spells:

 Your Spells              Type           Power      Damage    Failure   Level
a - Magic Dart            Conj           100%       1d8       1%          1
b - Searing Ray           Conj           60%        2d6       1%          2

Your spell library contained the following spells:

 Spells                   Type           Power      Damage    Failure   Level
 Foxfire                  Conj/Fire      68%        2x1d7     3%          1
 Conjure Flame            Conj/Fire      17%        6-21      10%         3
 Dazzling Flash           Conj/Hex       34%        N/A       10%         3
 Inner Flame              Hex/Fire       4%         N/A       30%         3
 Flame Wave               Conj/Fire      17%        2d7       32%         4
 Fulminant Prism          Conj/Hex       8%         3d7       32%         4
 Iskenderun's Mystic Bla  Conj/Tloc      17%        2d5       32%         4


Dungeon Overview and Level Annotations

Branches:
Dungeon (3/15)              Sewer (visited)

Shops:
D:1 ?   D:2 ?

Annotations:
D:3 Ijyb


Innate Abilities, Weirdness & Mutations

You have an increased reservoir of magic. (+10% MP)
You shall have no god before yourself.
Your divine heritage dramatically boosts your attributes as you level up.


Message History

The endoplasm closely misses you. The endoplasm hits you.
You hit the endoplasm. You freeze the endoplasm.
You kill the endoplasm!
HP restored.
There is a hide-covered altar of Uskayaw here.
You now have 97 gold pieces (gained 14).
Found 2 poisoned darts.
You see here 2 poisoned darts.
You now have 107 gold pieces (gained 10).
A goblin comes into view. It is wielding a +0 dagger.
The magic dart hits the goblin.
The goblin is heavily wounded.
The goblin shouts!
The magic dart hits the goblin.
The goblin is severely wounded.
The magic dart hits the goblin.
You kill the goblin!
You see here 2 poisoned darts.
You start resting.
Magic restored.
You see here 2 poisoned darts.
p - 2 poisoned darts Ijyb shouts!
Ijyb zaps a wand.
The bolt of light misses you.
Ijyb zaps a wand.
The bolt of light misses you.
You hit Ijyb but do no damage. Ijyb misses you.
You whack Ijyb! You freeze Ijyb.
Ijyb is moderately wounded.
Ijyb hits you with a +0 dagger.
You hit Ijyb. You freeze Ijyb.
Ijyb is heavily wounded.
Ijyb zaps a wand.
The bolt of light hits you!!
You are confused.
Ouch! That really hurt!
* * * LOW HITPOINT WARNING * * *
You bump into the rock wall.
Ijyb zaps a wand.
The bolt of light hits you!
* * * LOW HITPOINT WARNING * * *
You bump into the rock wall.
Ijyb zaps a wand.
The bolt of light hits you!
You die...

.§§§§..≈.≈.)......# #.#..#
.≈.≈.§§§.≈.#......# ########.#..#
.≈.≈...§.≈)##.##### #.....(..#..#
.≈.§§≈§≈.≈.##.#######.########...
.≈.......≈.......................
.≈.≈≈≈≈≈≈≈.##........##.##.###†#.
........)..##........#......##.#.
####.....####.####...###.?####.##
#####........@....#.!...B #.#
##########g...##.##.###.#
.....#.. .. ... ..)...#. .#...
....#.. ....##.## ....# ...
....## ..####.# #.. ... #.##


You could see Ijyb.

Vanquished Creatures
  Pargi (Sewer)
  2 orc priests (D:3)
  4 adders (D:3)
  2 orcs (D:3)
  5 bats
  5 endoplasms
  2 giant cockroaches (D:3)
  7 goblins
  8 hobgoblins
  2 jackals (Sewer)
  6 kobolds
  3 quokkas
  7 ball pythons
  3 frilled lizards (D:1)
  5 rats
62 creatures vanquished.

Notes
Turn   | Place    | Note
-------+----------+-------------------------------------------
     0 | D:1      | Labrat the Demigod Conjurer began the quest for the Orb.
     0 | D:1      | Reached XP level 1. HP: 14/14 MP: 5/5
   434 | D:1      | Found Jezeoj's Magic Scroll Emporium.
   518 | D:1      | Reached XP level 2. HP: 20/20 MP: 3/7
   787 | D:1      | Reached skill level 4 in Conjurations
  1542 | D:2      | Identified the +11 whip "Zexij" {freeze, Str+3 Stlth+}
  1548 | D:2      | Learned a level 2 spell: Searing Ray
  1571 | D:2      | Reached XP level 3. HP: 26/26 MP: 7/9
  1633 | D:2      | Found Sateer's Magic Scroll Emporium.
  2120 | D:2      | Bought a scroll of blinking for 82 gold pieces
  2171 | D:3      | Noticed Ijyb
  2308 | D:3      | Found a glowing drain.
  2318 | D:3      | Reached XP level 4. HP: 25/33 MP: 7/11
  2365 | Sewer    | Entered a sewer
  2485 | Sewer    | Noticed Pargi
  2493 | Sewer    | Killed Pargi
  2494 | Sewer    | Reached skill level 5 in Conjurations
  2494 | Sewer    | Reached XP level 5. HP: 34/38 MP: 4/13
  2812 | D:3      | Killed from afar by Ijyb

Illustrated notes

Levels and vault maps discovered:
D:1:      dpeg_arrival_rooms_a, layout_loops_corners, serial_shops,
          nicolae_shop_crystal
D:2:      layout_basic, serial_shops, shop, minivault_26
D:3:      layout_basic, mainiacjoe_overflow_concentric_impassable,
          lemuel_tele_altar, gup_sewer_entry_glass, minmay_misc_feat_alley,
          uniq_ijyb

Skill      XL: |  1  2  3  4 |
---------------+-------------+-----
Spellcasting   | 2 3 |  3.9
Conjurations   | 4 5 |  5.3
Dodging        | |  1.7
Stealth        | |  1.7

Action                   |  1- 3 |  4- 6 || total
-------------------------+-------+-------++-------
Melee: Unarmed           |     2 |       ||     2
       Whip              |     2 |     7 ||     9
 Cast: Magic Dart        |    88 |    23 ||   111
       Searing Ray       |     2 |     1 ||     3
 Stab: Sleeping          |     1 |       ||     1
Armor: Robe              |     2 |     1 ||     3
Dodge: Dodged            |     7 |     6 ||    13
